 Dungeon Crawl Stone Soup version 0.24.0-28-g17ded55e90 (webtiles) character file.

Game seed: 7053304876445895391, levelgen mode: deterministic

1589 Delamore the Cleaver (level 8, -3/64 HPs)
             Began as a Hill Orc Fighter on Nov 12, 2019.
             Slain by Joseph
             ... wielding a +0 quarterstaff
              (10 damage)
             ... on level 7 of the Dungeon.
             The game lasted 00:09:32 (5117 turns).

Delamore the Cleaver (Hill Orc Fighter)             Turns: 5117, Time: 00:09:32

Health: -3/64      AC:  8    Str: 24    XL:     8   Next: 92%
Magic:  8/8        EV:  8    Int:  8    God:
Gold:   276        SH:  9    Dex: 10    Spells: 7/7 levels left

rFire    . . .     SeeInvis .   a - +0 war axe
rCold    . . .     Gourm    .   c - +0 shield
rNeg     . . .     Faith    .   B - +2 leather armour of Impermeability {+Fly}
rPois    .         Spirit   .   H - +0 helmet
rElec    .         Reflect  .   K - +0 cloak
rCorr    .         Harm     .   v - +0 pair of gloves
MR       +....                  (no boots)
Stlth    +.........             e - amulet of regeneration
HPRegen  0.60/turn              k - +3 ring of strength
MPRegen  0.11/turn              D - ring of protection from magic

@: no status effects
A: no striking features
a: Evoke Flight


You were on level 7 of the Dungeon.
You were not hungry.

You visited 1 branch of the dungeon, and saw 7 of its levels.

You collected 276 gold pieces.

Inventory:

Hand Weapons
 a - a +0 war axe (weapon)
Missiles
 z - 3 javelins (quivered)
Armour
 c - a +0 shield (worn)
 v - a +0 pair of gloves (worn)
 y - a +2 robe of resistance
 B - the +2 leather armour of Impermeability (worn) {+Fly}
   (You found it on level 4 of the Dungeon)

   It lets you fly.
 H - a +0 helmet (worn)
 K - a +0 cloak (worn)
Jewellery
 e - an amulet of regeneration (around neck)
 g - an uncursed amulet of faith
 k - a +3 ring of strength (left hand)
 w - an uncursed ring of protection from magic
 D - a ring of protection from magic (right hand)
 I - an uncursed ring of positive energy
Wands
 d - a wand of digging (6)
 A - a wand of polymorph (6)
Scrolls
 h - 3 scrolls of enchant weapon {unknown}
 i - 2 scrolls of fear {unknown}
 l - 2 scrolls of immolation {unknown}
 m - 8 scrolls of identify
 o - 4 scrolls of magic mapping {unknown}
 r - 2 scrolls of teleportation {unknown}
 s - 3 scrolls of enchant armour {unknown}
 x - a scroll of blinking {unknown}
 E - 2 scrolls of amnesia {unknown}
 F - a scroll of random uselessness {unknown}
 G - a scroll of remove curse
Potions
 b - 2 potions of magic {unknown}
 j - a potion of berserk rage {unknown}
 n - 2 potions of agility {unknown}
 p - a potion of brilliance {unknown}
 q - a potion of cancellation {unknown}
 u - a potion of resistance {unknown}
 C - a potion of curing {unknown}
Comestibles
 f - 9 rations
 J - 3 chunks of flesh


   Skills:
 - Level 3.6 Fighting
 + Level 13.8 Axes
 - Level 3.2 Armour
 - Level 3.2 Shields


You had 7 spell levels left.
You didn't know any spells.
Your spell library was empty.

Dungeon Overview and Level Annotations

Branches:
Dungeon (7/15)
 Temple: D:4-7

Altars:
Elyvilon
Gozag
Sif Muna
Trog
Xom
Yredelemnul
Zin
The Shining One

Annotations:
D:7 Joseph


Message History

Joseph is almost dead.
You are engulfed in freezing vapours.
* * * LOW HITPOINT WARNING * * *
Joseph looks very unfriendly.
Joseph zaps a wand.
Joseph creates a blast of noxious fumes!
The now-empty wand crumbles to dust.
You feel much better.
You are engulfed in freezing vapours.
* * * LOW HITPOINT WARNING * * *
You block Joseph's attack.
You are engulfed in freezing vapours.
* * * LOW HITPOINT WARNING * * *
Joseph hits you but does no damage.
You barely miss Joseph.
Joseph is almost dead.
You block Joseph's attack.
You slash Joseph!
Joseph is almost dead.
Joseph hits you with a +0 quarterstaff!
You die...

#####......##
###.....##
##.....##
#......#
#......#
##☼☼§☼☼# .
##§§§.#.#...
##§§........
#(@°#......#
##§§@#.#....#
#§☼§☼h.#.....
#§§§§#.......
#§§####......
#### ##....
.. .


You could see Joseph and a hound.

Vanquished Creatures
  Sigmund (D:3)
  The ghost of NeAGen181 the Grave Robber, an amateur DDNe of Makhleb (D:3)
  An ogre (D:4)
  A centaur (D:5)
  3 bullfrogs (D:6)
  3 howler monkeys
  2 centaur zombies (D:6)
  An orc priest (D:3)
  A hound (D:4)
  2 centaur skeletons (D:6)
  2 iguanas (D:4)
  Ijyb (D:3)
  5 worker ants
  A worker ant zombie (D:6)
  A howler monkey skeleton (D:6)
  7 adders
  4 gnolls (D:4)
  2 shadow imps
  3 oozes
  An adder zombie (D:6)
  An adder skeleton (D:6)
  A worm (D:3)
  A dart slug (D:2)
  2 leopard geckos
  13 orcs
  4 giant cockroaches
  6 hobgoblins
  4 kobolds
  7 quokkas
  2 ball pythons
  10 bats
  3 frilled lizards
  6 goblins
  11 rats
114 creatures vanquished.

Vanquished Creatures (others)
  2 withered plants (D:3)
2 creatures vanquished.

Grand Total: 116 creatures vanquished

Notes
Turn   | Place    | Note
-------+----------+-------------------------------------------
     0 | D:1      | Delamore the Hill Orc Fighter began the quest for the Orb.
     0 | D:1      | Reached XP level 1. HP: 19/19 MP: 1/1
    90 | D:1      | Reached skill level 3 in Axes
   114 | D:1      | Reached XP level 2. HP: 26/26 MP: 2/2
   280 | D:1      | Reached skill level 4 in Axes
   780 | D:2      | Reached XP level 3. HP: 31/31 MP: 3/3
   796 | D:2      | Reached skill level 5 in Axes
  1461 | D:2      | Reached XP level 4. HP: 39/39 MP: 4/4
  1730 | D:2      | Found a shimmering altar of Xom.
  1738 | D:2      | Found a shattered altar of Ashenzari.
  1738 | D:2      | Found an opulent altar of Gozag.
  1740 | D:2      | Found a shimmering altar of Xom.
  1740 | D:2      | Found a hide-covered altar of Uskayaw.
  1740 | D:2      | Found a basalt altar of Yredelemnul.
  2048 | D:3      | Reached skill level 6 in Axes
  2137 | D:3      | Reached XP level 5. HP: 44/45 MP: 5/5
  2355 | D:3      | Found a runed translucent door.
  2355 | D:3      | Noticed NeAGen181's ghost (amateur DDNe)
  2529 | D:3      | Noticed Ijyb
  2581 | D:3      | Killed Ijyb
  2581 | D:3      | Reached skill level 7 in Axes
  2675 | D:3      | Noticed Sigmund
  2712 | D:3      | Killed Sigmund
  2712 | D:3      | Reached skill level 8 in Axes
  2712 | D:3      | Reached XP level 6. HP: 51/51 MP: 6/6
  2829 | D:3      | Killed NeAGen181's ghost
  2829 | D:3      | Reached skill level 9 in Axes
  3198 | D:4      | Reached XP level 7. HP: 57/57 MP: 7/7
  3282 | D:4      | Found a glowing golden altar of the Shining One.
  3282 | D:4      | Found a white marble altar of Elyvilon.
  3283 | D:4      | Found a glowing silver altar of Zin.
  3365 | D:4      | Reached skill level 10 in Axes
  3462 | D:4      | Got a crude leather armour
  3473 | D:4      | Identified the +2 leather armour of Impermeability {+Fly}
                  | (You found it on level 4 of the Dungeon)
  3647 | D:5      | Entered Level 5 of the Dungeon
  3925 | D:5      | Reached skill level 11 in Axes
  4316 | D:6      | Reached XP level 8. HP: 49/64 MP: 8/8
  4440 | D:6      | Reached skill level 12 in Axes
  4510 | D:6      | Reached skill level 13 in Axes
  4849 | D:6      | Found a basalt altar of Yredelemnul.
  4849 | D:6      | Found a shimmering blue altar of Sif Muna.
  4854 | D:6      | Found a faded altar of an unknown god.
  4856 | D:6      | Found a faded altar of an unknown god.
  4858 | D:6      | Found a bloodstained altar of Trog.
  5088 | D:7      | Noticed Joseph
  5117 | D:7      | Slain by Joseph

Levels and vault maps discovered:
D:1:      giann_bridges, layout_loops_ring
D:2:      layout_loops_corners, doesnt_xom_only_xom
D:3:      layout_loops_corners, first_ration, gammafunk_ghost_grave, uniq_ijyb,
          uniq_sigmund
D:4:      layout_basic, good_gods_temple_1
D:5:      layout_loops_cross
D:6:      layout_loops_ring, chequers_temple_overflow_minitemple
D:7:      minmay_general_purpose_star, layout_cave_pools, temple_green,
          uniq_joseph, uniq_menkaure

Skill      XL: |  1  2  3  4  5  6  7  8 |
---------------+-------------------------+-----
Axes           | 3 4 5 6 8 9 11 13 | 13.8
Fighting       | |  3.6
Armour         | |  3.2
Shields        | |  3.2

Action                   |  1- 3 |  4- 6 |  7- 9 || total
-------------------------+-------+-------+-------++-------
Melee: War axe           |   123 |   139 |   180 ||   442
       Unarmed           |       |    13 |       ||    13
  Use: Potion            |     2 |     2 |     1 ||     5
       Scroll            |       |       |     3 ||     3
  Eat: Chunk             |     2 |     6 |     6 ||    14
Armor: Scale mail        |    59 |    25 |       ||    84
       Skin              |     4 |    18 |       ||    22
       Robe              |       |     3 |     5 ||     8
       Leather armour    |       |       |    25 ||    25
Dodge: Dodged            |    40 |    22 |    34 ||    96
Block: Shield            |    74 |    50 |    82 ||   206
